cohdb
Replays
Latest Replays
All Replays
Popular Replays
Top Player Replays
Match Explorer
How It Works
Community
CoH3 Stats
Reddit
Sign in to upload your games and track your stats! →
Sign in with Steam
Match 35201133
Unlisted
Match 35201133
Overview
Messages
Build Orders
End
250 Light Carrier
250 Light Carrier
Selects Armored Support Battlegroup
Panzerpioneer Squad
Construct Light Support Kompanie
Selects Veteran Gunners
250 Light Carrier
Combat Half-tracks
Fire Support Elements
Flakvierling Half-track
Pak 38 Mechanized Group
Selects Salvage Kits
le.IG 18 Support Gun Team
Panzerpioneer Squad
Construct Panzerarmee Kommand
SaberGK
MufasaMufasaMufasa
✠TillBob✠
Rumpo
Gabe_Real
Dr. Tacosaurus
Tango
Turtleboy
0
0
Comments
sign in to comment!
No comments posted yet!